 Dungeon Crawl Stone Soup version 0.23.0-3-gf3c87f2df8 (webtiles) character file.

Game seed: 8667895254791074167

572 Kass the Sneak (level 7, -1/45 HPs)
             Began as an Octopode Wizard on Feb 22, 2019.
             Slain by a wraith (8 damage)
             ... on level 4 of the Dungeon.
             The game lasted 00:20:30 (6207 turns).

Kass the Sneak (Octopode Wizard)                    Turns: 6207, Time: 00:20:30

Health: -1/45      AC:  1    Str:  8    XL:     7   Next: 34%
Magic:  3/11       EV: 14    Int: 21    God:
Gold:   187        SH:  0    Dex: 10    Spells: 1/12 levels left

rFire    . . .     SeeInvis .   t - +4 hand axe (chop)
rCold    . . .     Gourm    .   (no shield)
rNeg     . . .     Faith    .   a - +0 hat
rPois    .         Spirit   .   (no amulet)
rElec    .         Reflect  .   (no ring)
rCorr    .         Harm     .   (no ring)
MR       .....                  (no ring)
Stlth    ++++......             (no ring)
HPRegen  0.15/turn              (no ring)
MPRegen  0.12/turn              (no ring)
                                (no ring)
                                (no ring)

@: very slightly contaminated
A: almost no armour, stealthy swim, amphibious, 8 rings, constrict 8, camouflage
1, gelatinous body 1
a: no special abilities


You were on level 4 of the Dungeon.
You were not hungry.

You visited 1 branch of the dungeon, and saw 6 of its levels.
You also visited: Ossuary.

You collected 187 gold pieces.

Inventory:

Hand Weapons
 d - a +0 dagger
 t - a +4 hand axe of chopping (weapon)
Armour
 a - a +0 hat (worn)
Wands
 r - a wand of paralysis (8)
 u - a wand of acid (5)
 x - a wand of enslavement (2)
Scrolls
 b - 6 scrolls of identify {unknown}
 e - 3 scrolls of magic mapping
 f - 8 scrolls of teleportation {unknown}
 g - 2 scrolls of amnesia {unknown}
 j - a scroll of remove curse {unknown}
 l - a scroll of fear {unknown}
 o - a scroll of fog {unknown}
 q - a scroll of noise {unknown}
 v - a scroll of enchant weapon {unknown}
 w - a scroll of blinking {unknown}
 y - a scroll of enchant armour {unknown}
Potions
 h - 4 potions of curing {unknown}
 i - a potion of heal wounds {unknown}
 k - a potion of brilliance {unknown}
 m - 3 potions of invisibility {unknown}
 n - a potion of mutation {unknown}
 p - a potion of degeneration {unknown}
 s - 2 potions of might {unknown}
 z - a potion of agility {unknown}
 A - a potion of experience {unknown}
Comestibles
 c - 9 rations


   Skills:
 + Level 2.1 Fighting
 + Level 3.1 Dodging
 + Level 6.0 Stealth
 - Level 3.0 Spellcasting
 + Level 5.5 Conjurations
 - Level 1.0 Summonings
 - Level 1.0 Translocations


You had one spell level left.
You knew the following spells:

 Your Spells              Type           Power        Failure   Level  Hunger
a - Magic Dart            Conj           ####         1%          1    None
b - Call Imp              Summ           #.......     13%         2    ##.....
c - Conjure Flame         Conj/Fire      ##......     13%         3    ###....
d - Blink                 Tloc           N/A          13%         2    ##.....
e - Mephitic Cloud        Conj/Pois/Air  ##......     19%         3    ###....

Your spell library contained the following spells:

 Spells                   Type           Power        Failure   Level  Hunger
 Slow                     Hex            #.......     21%         2    ##.....


Dungeon Overview and Level Annotations

Branches:
Dungeon (6/15)
 Temple: D:4-7

Altars:
Cheibriados
Fedhas
Kikubaaqudgha
Qazlal
Ru


Innate Abilities, Weirdness & Mutations

You cannot wear most types of armour.
You are very stealthy in the water. (Stealth+)
You are amphibious.
You can wear up to eight rings at the same time.
You can use your tentacles to constrict eight enemies at once.
Your skin changes colour to match your surroundings (Stealth+).
Your rubbery body absorbs attacks. (AC +1, EV +1)


Message History

There is an open gate here.
There is a gate leading back out of this place here.
The wraith barely misses you. The wraith closely misses you.
Welcome back to the Dungeon!
There is a collapsed entrance here.
Casting: Blink (safe; 13% risk of failure)
Confirm with . or Enter, or press ? or * to list all spells.
You blink.
You feel yourself speed up.
Casting: Blink (safe; 13% risk of failure)
Confirm with . or Enter, or press ? or * to list all spells.
You blink.
The wraith misses you.
You see here a ration.
Casting: Blink (safe; 13% risk of failure)
Confirm with . or Enter, or press ? or * to list all spells.
You miscast Blink.
You are very lightly contaminated with residual magic.
Your skin tingles.
The wraith hits you!
You die...

,,,,,!.####[........##....##.....
,,,,,.........................#**
,,,,,,....!#........#.##.#.##.#
,,,,,..#.#.#.........>##.#.##.#
,,,,,.............<...##...[..##
,,,....####..#.####...#........##
,**,..######........#........รท...
,***#.#...####......##...........
.####?#...######@....#..(.....)..
...!..........%W?...............<
#.....?.......######.............
#...<....###### *###........##
.........# ##........## .#########
#..........# ,* #..........# **
#..........# #..........#


You could see a wraith.

Vanquished Creatures
  An ogre (D:4)
  A centaur (D:3)
  A crimson imp (D:5)
  A hound (D:4)
  A centaur skeleton (D:3)
  Natasha (twice) (D:2)
  A hound skeleton (D:5)
  A mummy (Ossuary)
  6 adders
  An ooze (D:1)
  A worm zombie (D:4)
  4 worms
  3 dart slugs
  8 leopard geckos
  11 orcs
  14 bats
  A giant cockroach (D:2)
  5 hobgoblins
  9 jackals
  7 frilled lizards
  5 gnoll skeletons (Ossuary)
  8 goblins
  2 jackal skeletons (D:4)
  A jackal zombie (D:4)
  7 kobolds
  8 kobold skeletons (Ossuary)
  7 orc skeletons (Ossuary)
  10 rats
  A rat zombie (D:4)
128 creatures vanquished.

Vanquished Creatures (collateral kills)
  A centaur zombie (D:3)
  Natasha (D:2)
  An adder (D:2)
  An ooze (D:1)
  A worm zombie (D:4)
  3 orcs (D:3)
  A giant cockroach (D:5)
  3 gnoll skeletons (Ossuary)
  A jackal zombie (D:4)
  2 orc skeletons (Ossuary)
15 creatures vanquished.

Grand Total: 143 creatures vanquished

Notes
Turn   | Place    | Note
-------+----------+-------------------------------------------
     0 | D:1      | Kass the Octopode Wizard began the quest for the Orb.
     0 | D:1      | Reached XP level 1. HP: 11/11 MP: 4/4
   195 | D:1      | Reached XP level 2. HP: 10/17 MP: 0/6
   199 | D:1      | Learned a level 2 spell: Call Imp
   781 | D:1      | Reached XP level 3. HP: 21/21 MP: 1/7
  1135 | D:2      | Learned a level 3 spell: Conjure Flame
  1137 | D:2      | Noticed Natasha
  1520 | D:2      | Reached XP level 4. HP: 27/27 MP: 4/8
  2233 | D:2      | Found a sacrificial altar of Ru.
  2394 | D:2      | Killed Natasha
  2394 | D:2      | Reached skill level 3 in Stealth
  2423 | D:2      | Noticed Natasha
  2615 | D:2      | Killed Natasha
  2615 | D:2      | Reached XP level 5. HP: 27/31 MP: 0/9
  2694 | D:2      | Noticed Natasha
  2698 | D:2      | Killed Natasha
  2822 | D:2      | Learned a level 2 spell: Blink
  3106 | D:3      | Reached skill level 4 in Stealth
  4005 | D:3      | Reached skill level 5 in Conjurations
  4005 | D:3      | Reached XP level 6. HP: 36/36 MP: 3/10
  4063 | D:3      | Learned a level 3 spell: Mephitic Cloud
  4580 | D:3      | Reached skill level 1 in Fighting
  4580 | D:3      | Reached skill level 5 in Stealth
  5020 | D:3      | You fall through a shaft for 3 floors!
  5028 | D:5      | Entered Level 5 of the Dungeon
  5125 | D:5      | Reached XP level 7. HP: 36/43 MP: 8/11
  5139 | D:5      | Found an ancient bone altar of Kikubaaqudgha.
  5224 | D:3      | Found a stormy altar of Qazlal.
  5224 | D:3      | Found a blossoming altar of Fedhas.
  5244 | D:3      | Found a snail-covered altar of Cheibriados.
  5528 | D:4      | Found a sand-covered staircase.
  5581 | Ossuary  | Entered an ossuary
  5581 | Ossuary  | Noticed a wraith
  5581 | Ossuary  | Noticed a wraith
  5581 | Ossuary  | Noticed a wraith
  6113 | Ossuary  | Reached skill level 6 in Stealth
  6151 | Ossuary  | Noticed a wraith
  6184 | Ossuary  | HP: 2/45 [wraith (6)]
  6207 | D:4      | Slain by a wraith

Skill      XL: |  1  2  3  4  5  6  7 |
---------------+----------------------+-----
Conjurations   | 2 3 4 5 |  5.5
Stealth        | 3 4 5 6 |  6.0
Fighting       | 1 2 |  2.1
Dodging        | 3 |  3.1
Spellcasting   | |  3.0
Summonings     | |  1.0
Translocations | |  1.0

Action                   |  1- 3 |  4- 6 |  7- 9 || total
-------------------------+-------+-------+-------++-------
Melee: Dagger            |     9 |    25 |       ||    34
       Tentacles         |     1 |     7 |     7 ||    15
       Constrict         |     1 |    13 |    18 ||    32
       Hand axe          |       |    33 |    46 ||    79
 Cast: Magic Dart        |    55 |   142 |    11 ||   208
       Call Imp          |     7 |    18 |    22 ||    47
       Blink             |       |       |     3 ||     3
  Use: Scroll            |       |       |     1 ||     1
 Stab: Sleeping          |     3 |    11 |     2 ||    16
  Eat: Chunk             |     1 |    12 |     2 ||    15
       Ration            |       |       |     1 ||     1
Armor: Skin              |     2 |    10 |     2 ||    14
Dodge: Dodged            |    11 |    81 |    34 ||   126
